 Dungeon Crawl Stone Soup version 0.21-a0-630-g344d351 (webtiles) character file.

55 slep the Slasher (level 3, 0/30 HPs)
             Began as a Hill Orc Gladiator on Dec 26, 2017.
             Slain by a quokka (1 damage)
             ... on level 2 of the Dungeon.
             The game lasted 00:02:46 (1021 turns).

slep the Slasher (Hill Orc Gladiator)               Turns: 1021, Time: 00:02:46

Health: 0/30       AC:  4    Str: 16    XL:     3   Next: 93%
Magic:  3/3        EV: 12    Int:  8    God:
Gold:   40         SH:  0    Dex: 13    Spells: 2/2 levels left

rFire    . . .     SeeInvis .   a - +0 long sword
rCold    . . .     Gourm    .   (no shield)
rNeg     . . .     Faith    .   b - +0 leather armour
rPois    .         Spirit   .   c - +0 helmet
rElec    .         Reflect  .   (no cloak)
rCorr    .         Harm     .   (no gloves)
MR       .....                  (no boots)
Stlth    ++........             (no amulet)
HPRegen  0.10/turn              k - ring of stealth
MPRegen  0.08/turn              (no ring)

@: no status effects
A: no striking features
a: no special abilities


You were on level 2 of the Dungeon.
You were hungry.

You visited 1 branch of the dungeon, and saw 2 of its levels.

You collected 40 gold pieces.

Inventory:

Hand Weapons
 a - a +0 long sword (weapon)
Missiles
 d - 3 throwing nets (quivered)
Armour
 b - a +0 leather armour (worn)
 c - a +0 helmet (worn)
Jewellery
 k - a ring of stealth (left hand)
Scrolls
 e - 2 scrolls of identify {unknown}
 g - a scroll of fog {unknown}
 j - a scroll of remove curse {unknown}
 l - a scroll of immolation {unknown}
 n - a scroll of teleportation {unknown}
Potions
 h - a potion of lignification {unknown}
 i - a potion of curing {unknown}
 o - a potion of degeneration {unknown}
 p - a potion of flight {unknown}
Comestibles
 f - 4 rations


   Skills:
 + Level 2.8 Fighting
 + Level 4.1 Long Blades
 + Level 1.8 Throwing
 + Level 1.4 Armour
 + Level 2.7 Dodging
 + Level 0.1 Stealth


You had 2 spell levels left.
You didn't know any spells.

Dungeon Overview and Level Annotations

Branches:
Dungeon (2/15)

Altars:


Message History

The orc is severely wounded.
The orc closely misses you.
You riposte.
You slash the orc!
You kill the orc!
The orc hits you but does no damage.
You hit the orc.
You kill the orc!
The orc wizard casts a spell.
The orc wizard blinks!
The orc misses you.
You riposte.
You hit the orc.
The orc is heavily wounded.
You closely miss the orc.
The orc is heavily wounded.
The orc hits you with a dagger.
* * * LOW HITPOINT WARNING * * *
You hit the orc.
You kill the orc!
The orc wizard gestures wildly while chanting.
The orc wizard blinks!
The quokka bites you but does no damage.
You hit the quokka but do no damage. The quokka bites you.
You die...

#..(...#......
.#......#.....
.............
...........#
...........##+#
.......r.......
#.............
##..######r.......
........@ro.......
.......#)#....##.#
.......#.#(...# #
#........#.####.#
#........#.# #.# # .
#........#.####.##.##..
+........#.............
........######†##.###
.......###.......#


You could see an orc, a quokka and a rat.

Vanquished Creatures
  2 adders (D:2)
  3 orcs (D:2)
  A ball python (D:1)
  6 bats
  4 goblins (D:1)
  3 hobgoblins (D:1)
  4 jackals (D:2)
  2 kobolds
  A frilled lizard (D:1)
  6 rats
32 creatures vanquished.

Notes
Turn   | Place    | Note
-------+----------+-------------------------------------------
     0 | D:1      | slep the Hill Orc Gladiator began the quest for the Orb.
     0 | D:1      | Reached XP level 1. HP: 18/18 MP: 1/1
    87 | D:1      | Reached XP level 2. HP: 14/25 MP: 2/2
   685 | D:2      | Reached skill level 4 in Long Blades
   686 | D:2      | Reached XP level 3. HP: 30/30 MP: 3/3
   790 | D:2      | Reached skill level 1 in Armour
  1019 | D:2      | HP: 1/30 [orc/dagger (3)]
  1021 | D:2      | Slain by a quokka

Vault maps used:
D:1:      dpeg_arrival_erosion, wad_floor_pattern_1

Skill      XL: |  1  2  3 |
---------------+----------+-----
Long Blades    | 4 |  4.1
Armour         | 1 |  1.4
Fighting       | |  2.8
Throwing       | |  1.8
Dodging        | |  2.7
Stealth        | |  0.1

Action                   || total
-------------------------++-------
Melee: Long sword        ||   103
 Stab: Sleeping          ||     2
Armor: Leather armour    ||    42
Dodge: Dodged            ||    89
       Rpst.: Long sword ||    28

Table legend:
 A = Spawn XP
 B = Non-spawn XP
 C = Spawn XP percentage of total XP
 D = Spawn monster count
 E = Non-spawn monster count
 F = Spawn count percentage of total count
 G = Total turns spent on level
                    A         B        C        D         E        F      G
               +---------+---------+-------+---------+---------+-------+---------
         Total |       0 |      79 |   0.0 |       0 |      32 |   0.0 |  1021
               +---------+---------+-------+---------+---------+-------+---------
           D:1 |       0 |      30 |   0.0 |       0 |      18 |   0.0 |   674
           D:2 |       0 |      49 |   0.0 |       0 |      14 |   0.0 |   347
               +---------+---------+-------+---------+---------+-------+---------
